 Dungeon Crawl Stone Soup version 0.30-a0-50-gb2d611f6b1 (webtiles) character file.

Game seed: 16525649042993209254

27 porpoise the Poker (level 2, -10/23 HPs)
             Began as a Demonspawn Gladiator on Sept 4, 2022.
             Killed by divine providence
             ... invoked by an orc priest
              (13 damage)
             ... on level 2 of the Dungeon.
             The game lasted 00:04:20 (1034 turns).

porpoise the Poker (Demonspawn Gladiator)           Turns: 1034, Time: 00:04:21

Health: -10/23     AC:  9    Str: 14    XL:     2   Next: 93%
Magic:  2/2        EV: 16    Int:  9    God:
Gold:   84         SH:  0    Dex: 14    Spells: 1/1 levels left

rFire   . . .      SeeInvis +    a - +0 trident
rCold   . . .      Faith    .    (no shield)
rNeg    . . .      Spirit   .    l - +0 ring mail
rPois   .          Reflect  .    c - +0 helmet
rElec   .          Harm     .    (no cloak)
rCorr   .          Rampage  .    n - +1 pair of gloves "Jolyddiefa" {SInv}
Will    .....                    u - +0 pair of boots
Stlth   +.........               (no amulet)
HPRegen 0.07/turn                (no ring)
MPRegen 0.08/turn                (no ring)

@: agile
A: powered by pain 1
a: no special abilities


You were on level 2 of the Dungeon.
You visited 1 branch of the dungeon, and saw 3 of its levels.

You collected 95 gold pieces.
You spent 11 gold pieces at shops.

Inventory:

Hand Weapons
 a - a +0 trident (weapon)
 q - a +0 sling
Missiles
 d - 3 throwing nets (quivered)
 e - a javelin
 o - 6 datura-tipped darts
 p - 2 curare-tipped darts
 r - 5 atropa-tipped darts
Armour
 c - a +0 helmet (worn)
 l - a +0 ring mail (worn)
 n - the +1 pair of gloves "Jolyddiefa" (worn) {SInv}
   (You found it on level 2 of the Dungeon)

   SInv:      It lets you see invisible.
 u - a +0 pair of boots (worn)
Jewellery
 t - a ring of wizardry
Scrolls
 b - a scroll of amnesia {unknown}
 f - a scroll of enchant armour {unknown}
 g - a scroll of immolation {unknown}
 i - 2 scrolls of identify {unknown}
 s - a scroll of torment {unknown}
Potions
 h - a potion of heal wounds {unknown}
 j - 2 potions of curing {unknown}
 k - 3 potions of haste {unknown}
 m - a potion of might {unknown}


   Skills:
 + Level 2.4 Fighting
 + Level 3.0 Polearms
 + Level 2.1 Throwing
 + Level 3.0 Dodging


You had one spell level left.
You didn't know any spells.
Your spell library contained the following spells:

 Spells                   Type           Power      Damage    Failure   Level
 Magic Dart               Conj           0%         1d3       63%         1
 Ensorcelled Hibernation  Hex/Ice        0%         N/A       77%         2
 Passwall                 Tmut/Erth      0%         N/A       77%         2
 Searing Ray              Conj           0%         2d4       77%         2
 Swiftness                Air            0%         N/A       94%         3
 Fulminant Prism          Conj/Hex       0%         3d6       100%        4


Dungeon Overview and Level Annotations

Branches:
Dungeon (3/15)

Altars:

Shops:
D:1 (=!   D:2 :


Innate Abilities, Weirdness & Mutations

You sometimes gain a little power by taking damage.


Message History

Found a stone staircase leading down.
Done exploring.
Done exploring.
(D) Dungeon
Where to? (? - help)
There is a stone staircase leading down here.
You climb downwards.
The orc shouts! x3; You hear a shout! x4
There is a stone staircase leading up here.
There are monsters nearby!
Reach: a) +0 trident
Press: ? - help, Dir - move target, f - orc priest
Aim: an orc priest, wielding a +0 falchion and wearing a +0 leather armour (about 41% to evade your +0 trident)
You reach to attack!
You hit the orc priest but do no damage.
You hear a shout!
An orc comes into view. It is wielding a +0 mace.
The orc priest closely misses you.
You climb upwards.
There is a stone staircase leading down here.
You hit the orc priest.
The orc priest is lightly wounded.
The orc priest hits you but does no damage.
You hit the orc priest.
The orc priest is heavily wounded.
The orc priest hits you with a +0 falchion.
You hit the orc priest but do no damage.
The orc priest is heavily wounded.
The orc priest calls down the wrath of Beogh upon you.
Beogh smites you!
Ouch! That really hurt!
* * * LOW HITPOINT WARNING * * *
You focus on the pain.
You feel agile all of a sudden.
You hit the orc priest. Your punch misses the orc priest.
The orc priest is severely wounded.
The orc priest calls down the wrath of Beogh upon you.
Beogh smites you!
Ouch! That really hurt!
You die...

#..#.##.######........#
..##..#...#
##รท..####.#
..###.###.# #..### ##.#
..# #..##.###.## #..#
..# ##.##.....######.##
.># #.##....##......#
..# #..#.#...#.....##
..## ##.......#..o..#
...####..##...#.@...#
.)....#.###...#######
..##.......####
####.>.<...# #.......#
#.......# #.......#
#########


You could see an orc priest.

Vanquished Creatures
  A worm (D:2)
  3 ball pythons
  6 bats
  5 goblins
  3 hobgoblins
  4 frilled lizards
  A kobold (D:1)
  A rat (D:1)
24 creatures vanquished.

Notes
Turn   | Place    | Note
-------+----------+-------------------------------------------
     0 | D:1      | porpoise the Demonspawn Gladiator began the quest for the
                  | Orb.
     0 | D:1      | Reached XP level 1. HP: 16/16 MP: 1/1
    21 | D:1      | Found Wunecz Imoc's Distillery.
    35 | D:1      | Bought a potion of degeneration for 11 gold pieces
   177 | D:1      | Gained mutation: You sometimes gain a little power by
                  | taking damage. [demonic ancestry]
   177 | D:1      | Reached XP level 2. HP: 22/22 MP: 2/2
   228 | D:1      | Found Aleupeos's Jewellery Shoppe.
   490 | D:1      | Found Qiupsisu's Weapon Emporium.
   602 | D:2      | Found Ruavaiz's Book Shop.
   663 | D:2      | Identified the +1 pair of gloves "Jolyddiefa" {SInv}
   838 | D:2      | Found a faded altar of an unknown god.
  1034 | D:2      | Killed from afar by an orc priest

Illustrated notes

Levels and vault maps discovered:
D:1:      minmay_arrival_hallway, layout_rooms, serial_shops, shop, shop,
          nicolae_shop_hallway_plus
D:2:      layout_rooms, serial_shops, shop, ebering_ecumenical_altar_ruins,
          corexii_leaking_fountain
D:3:      layout_loops_cross, mainiacjoe_overflow_cross_hatched,
          kennysheep_generic_room_16, uniq_sigmund

Skill      XL: |  1  2 |
---------------+-------+-----
Throwing       | 2 |  2.1
Polearms       | 3 |  3.0
Dodging        | 3 |  3.0
Fighting       | |  2.4

Action                   || total
-------------------------++-------
Melee: Trident           ||    68
 Stab: Sleeping          ||     2
Armor: Leather armour    ||    12
       Ring mail         ||     4
Dodge: Dodged            ||    21

Table legend: (Time is in decaauts)
 A = Elapsed time spent in this place.
 B = Non-inter-level travel time spent in this place.
 C = Inter-level travel time spent in this place.
 D = Time resting spent in this place.
 E = Time spent auto-exploring this place.
 F = Levels seen in this place.
 G = Mean time per level.
                   A        B        C        D        E       F      G
               +--------+--------+--------+--------+--------+-----+--------+
         Total |   1044 |    969 |     75 |    101 |    621 |   3 |  348.0 |
       Dungeon |   1044 |    969 |     75 |    101 |    621 |   3 |  348.0 |
               +--------+--------+--------+--------+--------+-----+--------+

Top non-repeatable levels by time:
     D:1: 608 daAuts
     D:2: 432 daAuts
     D:3: 2 daAuts
